 Dungeon Crawl Stone Soup version 0.25-a0-420-g1cc7eeb0d1 (webtiles) character file.

Game seed: 12719323714746661540, levelgen mode: deterministic

26 BeastOfSaturn the Skirmisher (level 2, -1/24 HPs)
             Began as a Demonspawn Abyssal Knight on Jan 19, 2020.
             Was a Follower of Lugonu.
             Killed from afar by Sigmund (5 damage)
             ... with a magic dart
             ... on level 2 of the Dungeon.
             The game lasted 00:06:07 (1280 turns).

BeastOfSaturn the Skirmisher (DsAK)                 Turns: 1280, Time: 00:06:07

Health: -1/24      AC:  8    Str: 12    XL:     2   Next: 89%
Magic:  4/4        EV:  5    Int: 13    God:    Lugonu [*.....]
Gold:   50         SH:  0    Dex: 12    Spells: 1/1 levels left

rFire    . . .     SeeInvis .   g - +1 short sword (venom)
rCold    . . .     Gourm    .   (no shield)
rNeg     . . .     Faith    .   h - +0 chain mail
rPois    .         Spirit   .   (no helmet)
rElec    .         Reflect  .   (no cloak)
rCorr    .         Harm     .   (no gloves)
MR       .....                  (no boots)
Stlth    ..........             (no amulet)
HPRegen  0.08/turn              (no ring)
MPRegen  0.09/turn              (no ring)

@: very slightly contaminated
A: demonic guardian 1
a: Depart the Abyss, Renounce Religion


You were on level 2 of the Dungeon.
You worshipped Lugonu.
Lugonu was aware of your devotion.
You were not hungry.

You visited 1 branch of the dungeon, and saw 2 of its levels.
You visited the Abyss 1 time.

You collected 50 gold pieces.

Inventory:

Hand Weapons
 a - a +1 hand axe
 g - a +1 short sword of venom (weapon)
 i - a +2 vampiric dagger
Armour
 b - a +0 leather armour
 h - a +0 chain mail (worn)
Jewellery
 j - an uncursed amulet of regeneration {unknown}
Scrolls
 f - a scroll of blinking
Comestibles
 c - a ration


   Skills:
 - Level 3.0 Fighting
 + Level 2.2 Axes
 * Level 2.4 Armour
 + Level 1.3 Dodging
 + Level 2.7 Invocations


You had one spell level left.
You didn't know any spells.
Your spell library was empty.

Dungeon Overview and Level Annotations

Branches:
Dungeon (2/15)

Altars:
Fedhas

Annotations:
D:2 Sigmund


Innate Abilities, Weirdness & Mutations

A weak demonic guardian rushes to your aid.


Message History

The frilled lizard dies!
Lugonu accepts your kill.
You are confused.
A magic dart appears from out of thin air!
The magic dart hits your ufetubus.
You're too confused to move!
You bump into the rock wall.
Something hits you but does no damage.
You feel less confused. Something hits you but does no damage.
Found 10 gold pieces.
Found an escape hatch in the floor.
Your ufetubus disappears in a puff of smoke!
Found a scroll labeled HODIS FITYV.
Found a blossoming altar of Fedhas.
You see here 10 gold pieces.
A puff of flame appears from out of thin air!
The puff of flame hits you.
* * * LOW HITPOINT WARNING * * *
A magic dart appears from out of thin air!
The magic dart hits you.
You die...

..#.###**,**,,,,,* *,,,,,,,,,,,
#.....# *,**,,,,,* *..,,,,,,,,,
......# *,**,,...* *#.##..,,,,,,
#.....###.#*,,...####...#..,,,,,,
(.........#*,,,...?..._...,,,,,,,
#.....#####***##+...#...#***,,,,,
...<.......,,,......##.#* *,****
###.#############......# ***
....†...........@......#
###########?#####......#
*,,,,******,,,,*##.##..##########
+,,,,+,,,,,,,,,+.>.....$.........
*,,,,******,,,,####+######.######
,,,,,* *,,,,**,,...####.#####
,***** *,,,,**,,............# ,*
*,,,,**,,............# ,*
*,,,,**,,............#


There were no monsters in sight!

Vanquished Creatures
  A worm (D:2)
  A dart slug (D:1)
  A giant cockroach (D:1)
  A goblin (D:1)
  A hobgoblin (D:1)
  3 jackals (D:1)
  2 quokkas (D:2)
  A bat (D:2)
  A frilled lizard (D:1)
  3 kobolds (D:1)
15 creatures vanquished.

Vanquished Creatures (collateral kills)
  An adder (D:2)
  A frilled lizard (D:2)
2 creatures vanquished.

Grand Total: 17 creatures vanquished

Notes
Turn   | Place    | Note
-------+----------+-------------------------------------------
     0 | Abyss:1  | BeastOfSaturn the Demonspawn Abyssal Knight began the quest
                  | for the Orb.
     0 | Abyss:1  | Reached XP level 1. HP: 18/18 MP: 2/2
    50 | Abyss:1  | Noticed an ancient zyme
    54 | D:1      | Escaped the Abyss
    89 | D:1      | Reached skill level 1 in Dodging
   825 | D:1      | Reached * piety under Lugonu
   866 | D:1      | Gained mutation: A weak demonic guardian rushes to your
                  | aid. [demonic ancestry]
   866 | D:1      | Reached XP level 2. HP: 24/24 MP: 3/3
  1251 | D:2      | Noticed Sigmund
  1273 | D:2      | Found a blossoming altar of Fedhas.
  1280 | D:2      | Killed from afar by Sigmund

Levels and vault maps discovered:
D:1:      dpeg_arrival_stonehenge_8_columns, layout_rooms,
          minmay_strange_pillars
D:2:      layout_basic, nicolae_overflow_crystal_walls, serial_glass,
          glass_columns_a, glass_columns_b, minmay_rat_gold_closets,
          uniq_sigmund, uniq_jessica

Skill      XL: |  1 |
---------------+----+-----
Dodging        | 1 |  1.3
Axes           | 2 |  2.2
Armour         | 2 |  2.4
Fighting       | |  3.0
Invocations    | |  2.7

Action                   || total
-------------------------++-------
Melee: Hand axe          ||    14
       Short sword       ||    37
Invok: Depart the Abyss  ||     1
  Use: Scroll            ||     4
  Eat: Ration            ||     1
Armor: Leather armour    ||     9
       Chain mail        ||    30
Dodge: Dodged            ||    43

Table legend:
 A = Non-vault XP
 B = Vault XP
 C = Vault XP percentage of total XP
 D = Non-vault monster count
 E = Vault monster count
 F = Vault count percentage of total count
                 A         B        C        D         E       F
            +---------+---------+-------+---------+---------+-------
      Total |      38 |       0 |   0.0 |      17 |       0 |   0.0
            +---------+---------+-------+---------+---------+-------
        D:1 |      20 |       0 |   0.0 |      11 |       0 |   0.0
        D:2 |      18 |       0 |   0.0 |       6 |       0 |   0.0
            +---------+---------+-------+---------+---------+-------
